AoeStats
← Deta01

Arena

505542189Analyzed
2v2 RM · 23d ago on Sep 9, 2026· 24m 54s· 4 players
Game mode
Random Map
Map size
Medium (4 player)
Population
200
Speed
Normal
Resources
Standard
Victory
Conquest
Starting age
Dark Age
Ending age
Imperial Age
RankedLock teamsTeams togetherTeam positionsShared explorationLock speedFull tech treeHidden civsTurbo modeCheats
Victory
Defeat
🇹🇷 Bulgarians · Türkiye
1036
+16
🇹🇷 Tatars · Türkiye
1036
+16
🇩🇪 Mongols · Germany
1068
-17
🇧🇷 Turks · Brazil
1003
-15
Çin Düşmanı
12:47 Feudal Age
16:57 Scale Mail Armor
17:48 Forging
19:53 Horse Collar
25:58 Castle Age
23:54 Gold Mining
Deta01
9:43 Feudal Age
13:23 Castle Age
11:41 Double-Bit Axe
18:10 Loom
DKT | Blackbelt
12:39 Feudal Age
13:34 Double-Bit Axe
13:30 Horse Collar
17:40 Castle Age
18:13 Loom
Ferdi
11:05 Feudal Age
12:38 Horse Collar
15:03 Castle Age
13:21 Double-Bit Axe
14:32 Stone Mining
15:52 Loom
16:13 Gold Mining
19:00 Fletching
19:10 Padded Archer Armor
21:07 Padded Archer Armor
21:13 Bodkin Arrow
22:51 Bloodlines
Connection lost

Rejoining the realm…

Still unreachable

The connection could not be restored.

Session expired

The server has moved on; the page needs a fresh start.